APL (24 & UNDER)
EL PASO TEXANS @ BEAVERTON BRONZE SOULS
08/11/2030
 
TOP OF THE 1ST
El Paso Texans batting - Pitching for Beaverton Bronze Souls : RHP Emílio Aguirre
Pitching: RHP Emílio Aguirre
Batting: SHB António Cervantes 0-0: Foul Ball, location: 2F
0-1: Ball
1-1: Called Strike
1-2: Foul Ball, location: 2F
1-2: Ball
2-2: Ball
3-2: Foul Ball, location: 2F
3-2: Fly out, F8 (Flyball, 89M)
Batting: LHB António Fonseca 0-0: Ball
1-0: Ball
2-0: Foul Ball, location: 2F
2-1: Ball
3-1: Called Strike
3-2: Foul Ball, location: 2F
3-2: Base on Balls
Batting: LHB Ramón Ortega 0-0: SINGLE (Groundball, 4D)
António Fonseca to second
Batting: LHB Cipriano Rangel 0-0: Called Strike
0-1: Ball
1-1: Fielders Choice at 2nd, 3-6 (Groundball, 34)
António Fonseca to third
Batting: RHB Kereje Zuka 0-0: Called Strike
0-1: Ball
1-1: Ball
2-1: Fly out, F7 (Flyball, 7LSF)
Top of the 1st over - 0 runs, 1 hit, 0 errors, 2 left on base; El Paso 0 - Beaverton 0
BOTTOM OF THE 1ST
Beaverton Bronze Souls batting - Pitching for El Paso Texans : RHP António Lara
Pitching: RHP António Lara
Batting: LHB Bob Huerta 0-0: Ball
1-0: Ball
2-0: Called Strike
2-1: Foul Ball, location: 2F
2-2: Ground out 5-3 (Groundball, 56)
Batting: LHB José Guillén 0-0: Foul Ball, location: 2F
0-1: Ball
1-1: Foul Ball, location: 2F
1-2: Foul Ball, location: 2F
1-2: Ball
2-2: Foul Ball, location: 2F
2-2: Ball
3-2: Base on Balls
Batting: RHB Júlio Rodríguez 0-0: Foul Ball, location: 2F
0-1: Ball
1-1: Hit by Pitch
José Guillén to second
Batting: RHB Steve Smith 0-0: Ball
1-0: Ball
2-0: Called Strike
2-1: 3-RUN HOME RUN (Flyball, 78XD), Distance : 412 ft
Batting: RHB Dan Cross 0-0: Called Strike
0-1: Ball
1-1: SINGLE (Groundball, 6MD)
Batting: LHB Balduíno Bruschy 0-0: Ball
Pickoff Throw by Catcher to First - Out!
1-0: Ball
2-0: Ball
3-0: Called Strike
3-1: Base on Balls
Batting: RHB Luis Carranza 0-0: Called Strike
0-1: Ball
1-1: Ball
2-1: Foul Ball, location: 2F
2-2: Strikes out swinging
Bottom of the 1st over - 3 runs, 2 hits, 0 errors, 1 left on base; El Paso 0 - Beaverton 3
TOP OF THE 2ND
El Paso Texans batting - Pitching for Beaverton Bronze Souls : RHP Emílio Aguirre
Batting: RHB Chris Smith 0-0: Ball
1-0: Called Strike
1-1: Foul Ball, location: 2F
1-2: Strikes out swinging
Batting: RHB Manny Holguín 0-0: SINGLE (Groundball, 6D)
Batting: RHB Stephen Black 0-0: Foul Ball, location: 2F
0-1: Ball
1-1: Ball
2-1: Foul Ball, location: 2F
2-2: Foul Ball, location: 2F
2-2: Ball
3-2: Foul Ball, location: 2F
3-2: Fly out, F8 (Flyball, 8LM)
Batting: LHB Gus Price 0-0: Ball
Manny Holguín steals 2nd base
1-0: Ball
Passed Ball!
Manny Holguín to third
2-0: Called Strike
2-1: Ground out 5-3 (Groundball, 56S)
Top of the 2nd over - 0 runs, 1 hit, 0 errors, 1 left on base; El Paso 0 - Beaverton 3
BOTTOM OF THE 2ND
Beaverton Bronze Souls batting - Pitching for El Paso Texans : RHP António Lara
Batting: RHB Bert Larson 0-0: Swinging Strike
0-1: Swinging Strike
0-2: Strikes out swinging
Batting: SHB Teko de Bruin 0-0: Swinging Strike
0-1: Swinging Strike
0-2: Hit by Pitch
Batting: LHB Bob Huerta 0-0: Ball
Teko de Bruin is caught stealing 2nd base
1-0: Foul Ball, location: 2F
1-1: Ball
2-1: Swinging Strike
2-2: Foul Ball, location: 2F
2-2: Ground out 5-3 (Groundball, 56)
Bottom of the 2nd over - 0 runs, 0 hits, 0 errors, 0 left on base; El Paso 0 - Beaverton 3
TOP OF THE 3RD
El Paso Texans batting - Pitching for Beaverton Bronze Souls : RHP Emílio Aguirre
Batting: SHB António Cervantes 0-0: Called Strike
0-1: Called Strike
0-2: Ball
1-2: Foul Ball, location: 2F
1-2: Ball
2-2: Ball
3-2: Base on Balls
Batting: LHB António Fonseca 0-0: Ball
António Cervantes steals 2nd base
1-0: Swinging Strike
1-1: Ball
2-1: Called Strike
2-2: Strikes out swinging passed ball, reaches first!
António Cervantes to third
Batting: LHB Ramón Ortega 0-0: Ball
1-0: Ball
2-0: TRIPLE (Line Drive, 8RXD)
António Cervantes scores
António Fonseca scores
Batting: LHB Cipriano Rangel 0-0: Ball
1-0: Foul Ball, location: 2F
1-1: Foul Ball, location: 2F
1-2: Strikes out swinging
Batting: RHB Kereje Zuka 0-0: Swinging Strike
0-1: Swinging Strike
0-2: Strikes out looking
Batting: RHB Chris Smith 0-0: Called Strike
0-1: Ball
1-1: Foul Ball, location: 2F
1-2: Strikes out looking
Top of the 3rd over - 2 runs, 1 hit, 0 errors, 1 left on base; El Paso 2 - Beaverton 3
BOTTOM OF THE 3RD
Beaverton Bronze Souls batting - Pitching for El Paso Texans : RHP António Lara
Batting: LHB José Guillén 0-0: Called Strike
0-1: DOUBLE (Line Drive, 9LM)
Batting: RHB Júlio Rodríguez 0-0: Called Strike
0-1: SINGLE (Line Drive, 78S)
José Guillén to third
Runner from 3rd tries for Home, SAFE, no throw
Batting: RHB Steve Smith 0-0: Called Strike
0-1: Foul Ball, location: 2F
0-2: Strikes out looking
Batting: RHB Dan Cross 0-0: Ball
1-0: Swinging Strike
1-1: Ball
2-1: Ball
3-1: Foul Ball, location: 2F
3-2: SINGLE (Groundball, 56S) (infield hit)
Júlio Rodríguez to second
Batting: LHB Balduíno Bruschy 0-0: Called Strike
0-1: Ball
1-1: Ball
2-1: Swinging Strike
2-2: Strikes out looking
Batting: RHB Luis Carranza 0-0: Ball
1-0: Called Strike
1-1: Ball
2-1: Swinging Strike
2-2: Foul Ball, location: 2F
2-2: Ball
3-2: Fly out, F8 (Flyball, 8RM)
Bottom of the 3rd over - 1 run, 3 hits, 0 errors, 2 left on base; El Paso 2 - Beaverton 4
TOP OF THE 4TH
El Paso Texans batting - Pitching for Beaverton Bronze Souls : RHP Emílio Aguirre
Batting: RHB Manny Holguín 0-0: Ball
1-0: Called Strike
1-1: Swinging Strike
1-2: Strikes out swinging
Batting: RHB Stephen Black 0-0: Ball
1-0: Called Strike
1-1: Ball
2-1: Swinging Strike
2-2: Fly out, F9 (Line Drive, 9LM)
Batting: LHB Gus Price 0-0: Bunt for hit - play at first, batter safe!
Batting: SHB António Cervantes 0-0: Foul Ball, location: 2F
0-1: Ball
Gus Price is caught stealing 2nd base
Top of the 4th over - 0 runs, 1 hit, 0 errors, 0 left on base; El Paso 2 - Beaverton 4
BOTTOM OF THE 4TH
Beaverton Bronze Souls batting - Pitching for El Paso Texans : RHP António Lara
Batting: RHB Bert Larson 0-0: Ball
1-0: Ball
2-0: Called Strike
2-1: Foul Ball, location: 2F
2-2: Foul Ball, location: 2F
2-2: Strikes out looking
Batting: SHB Teko de Bruin 0-0: Foul Ball, location: 2F
0-1: SINGLE (Groundball, 34D)
Batting: LHB Bob Huerta 0-0: Ball
1-0: Ball
2-0: Fly out, F6 (Popup, 6M)
Batting: LHB José Guillén 0-0: Ball
1-0: Swinging Strike
1-1: Foul Ball, location: 2F
1-2: Hit by Pitch
Teko de Bruin to second
Batting: RHB Júlio Rodríguez 0-0: Ball
1-0: Ball
2-0: Ball
3-0: Called Strike
3-1: Foul Ball, location: 2F
3-2: Strikes out looking
Bottom of the 4th over - 0 runs, 1 hit, 0 errors, 2 left on base; El Paso 2 - Beaverton 4
TOP OF THE 5TH
El Paso Texans batting - Pitching for Beaverton Bronze Souls : RHP Emílio Aguirre
Batting: SHB António Cervantes 0-0: Called Strike
0-1: Called Strike
0-2: Ball
1-2: Ball
2-2: Foul Ball, location: 2F
2-2: Ball
3-2: Strikes out swinging
Batting: LHB António Fonseca 0-0: SINGLE (Groundball, 34D)
Batting: LHB Ramón Ortega 0-0: Grounds into double play, 4-6-3 (Groundball, 4MD)
Top of the 5th over - 0 runs, 1 hit, 0 errors, 0 left on base; El Paso 2 - Beaverton 4
BOTTOM OF THE 5TH
Beaverton Bronze Souls batting - Pitching for El Paso Texans : RHP António Lara
Batting: RHB Steve Smith 0-0: Ball
1-0: Swinging Strike
1-1: Ball
2-1: Foul Ball, location: 2F
2-2: Foul Ball, location: 2F
2-2: Ball
3-2: Foul Ball, location: 2F
3-2: Strikes out looking
Batting: RHB Dan Cross 0-0: Ball
1-0: Foul Ball, location: 2F
1-1: Ball
2-1: Called Strike
2-2: Ground out 5-3 (Groundball, 56S)
Batting: LHB Balduíno Bruschy 0-0: Foul Ball, location: 2F
0-1: Ball
1-1: Ball
2-1: Fly out, F6 (Popup, 6M)
Bottom of the 5th over - 0 runs, 0 hits, 0 errors, 0 left on base; El Paso 2 - Beaverton 4
TOP OF THE 6TH
El Paso Texans batting - Pitching for Beaverton Bronze Souls : RHP Emílio Aguirre
Batting: LHB Cipriano Rangel 0-0: Ball
1-0: Foul Ball, location: 2F
1-1: Foul Ball, location: 2F
1-2: Ground out 5-3 (Groundball, 5)
Batting: RHB Kereje Zuka 0-0: Called Strike
0-1: Foul Ball, location: 2F
0-2: SINGLE (Line Drive, 7LS)
Batting: RHB Chris Smith 0-0: Ball
1-0: Called Strike
1-1: SINGLE (Flyball, 89S)
Kereje Zuka to second
Runner from 2nd tries for 3rd, SAFE, no throw
Pitching: RHP Ramón Martínez
Batting: RHB Manny Holguín 0-0: Ball
1-0: SINGLE (Groundball, 34) (infield hit)
Kereje Zuka scores
Chris Smith to second
Batting: RHB Stephen Black 0-0: Called Strike
0-1: Ball
1-1: Swinging Strike
1-2: Ball
2-2: Foul Ball, location: 2F
2-2: Foul Ball, location: 2F
2-2: Ball
3-2: Strikes out looking
Batting: LHB Gus Price 0-0: Foul Ball, location: 2F
0-1: Ball
1-1: Ball
2-1: Swinging Strike
2-2: Ball
3-2: Foul Ball, location: 2F
3-2: Base on Balls
Chris Smith to third
Manny Holguín to second
Batting: SHB António Cervantes 0-0: Ball
1-0: Foul Ball, location: 2F
1-1: Swinging Strike
1-2: Ball
2-2: Ball
3-2: Foul Ball, location: 2F
3-2: Single, Error in OF, E8, batter to second base
Chris Smith scores
Manny Holguín scores
Gus Price to third
Batting: LHB António Fonseca 0-0: Ball
1-0: Ball
2-0: Called Strike
2-1: Ball
3-1: Fly out, F8 (Flyball, 89D)
Top of the 6th over - 3 runs, 4 hits, 1 error, 2 left on base; El Paso 5 - Beaverton 4
BOTTOM OF THE 6TH
Beaverton Bronze Souls batting - Pitching for El Paso Texans : RHP António Lara
Pitching: RHP Mike Church
Batting: RHB Luis Carranza 0-0: Ball
1-0: Fly out, F8 (Flyball, 8RXD)
Batting: RHB Bert Larson 0-0: Called Strike
0-1: Called Strike
0-2: Ball
1-2: Ground out 4-3 (Groundball, 4D)
Batting: SHB Teko de Bruin 0-0: Ground out U3 (Groundball, 3)
Bottom of the 6th over - 0 runs, 0 hits, 0 errors, 0 left on base; El Paso 5 - Beaverton 4
TOP OF THE 7TH
El Paso Texans batting - Pitching for Beaverton Bronze Souls : RHP Ramón Martínez
Batting: LHB Ramón Ortega 0-0: Ball
1-0: Ball
2-0: Ball
3-0: Called Strike
3-1: Called Strike
3-2: Strikes out swinging
Batting: LHB Cipriano Rangel 0-0: Called Strike
0-1: Foul Ball, location: 2F
0-2: Ball
1-2: Strikes out swinging
Batting: RHB Kereje Zuka 0-0: Ball
1-0: SINGLE (Line Drive, 89S)
Pinch Hitting: SHB Oliver Riley 0-0: Called Strike
Kereje Zuka steals 2nd base
0-1: Foul Ball, location: 2F
0-2: Foul Ball, location: 2F
0-2: Ball
1-2: Ball
2-2: Ball
3-2: Base on Balls
Batting: RHB Manny Holguín 0-0: Ground out 4-3 (Groundball, 4S)
Top of the 7th over - 0 runs, 1 hit, 0 errors, 2 left on base; El Paso 5 - Beaverton 4
BOTTOM OF THE 7TH
Beaverton Bronze Souls batting - Pitching for El Paso Texans : RHP Mike Church
Pitching: RHP Mark Thompson
Now at 1B: Oliver Riley
Batting: LHB Bob Huerta 0-0: Ball
1-0: Ball
2-0: Called Strike
2-1: Ball
3-1: Foul Ball, location: 2F
3-2: Foul Ball, location: 2F
3-2: Strikes out swinging
Batting: LHB José Guillén 0-0: Ball
1-0: Swinging Strike
1-1: Foul Ball, location: 2F
1-2: Strikes out swinging
Batting: RHB Júlio Rodríguez 0-0: Called Strike
0-1: Ball
1-1: SINGLE (Line Drive, 8RS)
Batting: RHB Steve Smith 0-0: Ball
Júlio Rodríguez steals 2nd base
1-0: Ball
2-0: Ground out 6-3 (Groundball, 6)
Bottom of the 7th over - 0 runs, 1 hit, 0 errors, 1 left on base; El Paso 5 - Beaverton 4
TOP OF THE 8TH
El Paso Texans batting - Pitching for Beaverton Bronze Souls : RHP Ramón Martínez
Batting: RHB Stephen Black 0-0: Foul Ball, location: 2F
0-1: Ball
1-1: Ball
2-1: Ball
3-1: Called Strike
3-2: Ground out 4-3 (Groundball, 4)
Batting: LHB Gus Price 0-0: Called Strike
0-1: Called Strike
0-2: Ball
1-2: Hit by Pitch
Batting: SHB António Cervantes 0-0: Called Strike
0-1: Foul Ball, location: 2F
0-2: Ball
1-2: 2-RUN HOME RUN (Flyball, 89XD), Distance : 398 ft
Pitching: RHP Wilson Delgado
Batting: LHB António Fonseca 0-0: Foul Ball, location: 2F
0-1: Foul Ball, location: 2F
0-2: Ball
1-2: Strikes out looking
Batting: LHB Ramón Ortega 0-0: Ground out 4-3 (Groundball, 34D)
Top of the 8th over - 2 runs, 1 hit, 0 errors, 0 left on base; El Paso 7 - Beaverton 4
BOTTOM OF THE 8TH
Beaverton Bronze Souls batting - Pitching for El Paso Texans : RHP Mark Thompson
Batting: RHB Dan Cross 0-0: Called Strike
0-1: Ball
1-1: Ball
2-1: Swinging Strike
2-2: Ball
3-2: Strikes out looking
Batting: LHB Balduíno Bruschy 0-0: Swinging Strike
0-1: Ball
1-1: Called Strike
1-2: Strikes out swinging
Batting: RHB Luis Carranza 0-0: Ball
1-0: Foul Ball, location: 2F
1-1: Ball
2-1: Foul Ball, location: 2F
2-2: SINGLE (Groundball, 6MD)
Batting: RHB Bert Larson 0-0: Called Strike
0-1: Swinging Strike
0-2: Fly out, F7 (Flyball, 7)
Bottom of the 8th over - 0 runs, 1 hit, 0 errors, 1 left on base; El Paso 7 - Beaverton 4
TOP OF THE 9TH
El Paso Texans batting - Pitching for Beaverton Bronze Souls : RHP Wilson Delgado
Batting: LHB Cipriano Rangel 0-0: Ground out 1-3 (Groundball, 13)
Batting: RHB Kereje Zuka 0-0: Ball
1-0: Called Strike
1-1: Ball
2-1: Called Strike
2-2: Ball
3-2: Strikes out looking
Batting: SHB Oliver Riley 0-0: Fly out, F8 (Line Drive, 8LM)
Top of the 9th over - 0 runs, 0 hits, 0 errors, 0 left on base; El Paso 7 - Beaverton 4
BOTTOM OF THE 9TH
Beaverton Bronze Souls batting - Pitching for El Paso Texans : RHP Mark Thompson
Batting: SHB Teko de Bruin 0-0: Ball
1-0: Swinging Strike
1-1: Foul Ball, location: 2F
1-2: Ball
2-2: Strikes out swinging
Batting: LHB Bob Huerta 0-0: Ball
1-0: Ball
2-0: SOLO HOME RUN (Flyball, 9D), Distance : 359 ft
Batting: LHB José Guillén 0-0: Called Strike
0-1: Ground out 1-3 (Groundball, 13)
Batting: RHB Júlio Rodríguez 0-0: SINGLE (Groundball, 6MD)
Batting: RHB Steve Smith 0-0: Swinging Strike
0-1: Ball
1-1: Ball
2-1: Foul Ball, location: 2F
2-2: Strikes out swinging
Bottom of the 9th over - 1 run, 2 hits, 0 errors, 1 left on base; El Paso 7 - Beaverton 5
Saturday, April 7th, 2018 - OOTP Baseball 18.8 Build 76